[Event "Elite Hotels Open 2024"]
[Site "Elite Stadshotellet, Kungsgatan 6, Vaxjo, Sweden"]
[Date "2024.02.11"]
[Round "7.9"]
[White "Ostlund, Joar"]
[Black "Eriksson, Wilmer"]
[Result "1-0"]
[TimeControl "15 minutes + 5 seconds per move from move one (Round 1 - 4) / 90 minutes + 30 seconds per move from move one (Round 5 - 8)"]
[WhiteTitle "FM"]
[WhiteFideId "1735020"]
[BlackFideId "1768298"]
[WhiteElo "2327"]
[BlackElo "1976"]

1. d4 Nf6 2. c4 g6 3. Nc3 d5 4. Nf3 Bg7 5. h3 O-O 6. cxd5 Nxd5 7. e4 Nxc3 8. bxc3 c5 9. Be2 Nc6 10.
Be3 cxd4 11. cxd4 b6 12. O-O e6 13. Rc1 Bb7 14. Qd2 Qd6 15. Rfd1 Rfd8 16. Bg5 Rdc8 17. h4 Ne7 18. Qe3 Rxc1 19.
Rxc1 Rc8 20. Rxc8+ Nxc8 21. h5 Qc6 22. e5 b5 23. Bf6 Qe4 24. Bxg7 Qxe3 25. fxe3 Kxg7 26. hxg6 b4 27. gxh7 Bd5 28.
Bd3 Ne7 29. Bb1 a5 30. Kf2 Ng6 31. Ke2 a4 32. Kd3 Kxh7 33. e4 Bxa2 34. Bxa2 b3 35. Bxb3 axb3 36. g3 Kh6 37. Kc3 Kh5 38.
Nh2 Ne7 39. Kxb3 Kg5 40. Kc4 f5 41. exf6 Kxf6 42. Nf3 Ng6 43. Kc5 Ke7 44. Ne5 Nf8 45. Nf3 Nh7 46. e5 Nf8 47. Kc6 Ng6 48.
Ng5 Nf8 49. Nh3 Nh7 50. Kc7 Nf8 51. Ng5 Ng6 52. Ne4 Nf8 53. Nf6 Ng6 54. Kc6 Nh8 55. Kc5 Nf7 56. Kc4 Ng5 57. Kd3 Nf3 58.
Ke3 Ng5 59. Kf4 Nh3+ 60. Kf3 Ng1+ 61. Ke3 Nh3 62. Ne4 Kf7 63. Kf3 Kg6 64. Kg2 Kf5 65. Nd6+ Kg4 66. Nf7 Nf4+ 67. gxf4 Kxf4 68.
d5 1-0

[Event "Elite Hotels Open 2024"]
[Site "Elite Stadshotellet, Kungsgatan 6, Vaxjo, Sweden"]
[Date "2024.02.11"]
[Round "7.10"]
[White "Bjorkman, Filip"]
[Black "Crevatin, Leo"]
[Result "1/2-1/2"]
[TimeControl "15 minutes + 5 seconds per move from move one (Round 1 - 4) / 90 minutes + 30 seconds per move from move one (Round 5 - 8)"]
[BlackTitle "FM"]
[WhiteFideId "1734970"]
[BlackFideId "1726307"]
[WhiteElo "2046"]
[BlackElo "2303"]

1. e4 c6 2. d4 d5 3. e5 Bf5 4. h4 h6 5. g4 Be4 6. f3 Bh7 7. e6 Nf6 8. Bd3 Qd6 9. exf7+ Kxf7 10.
Ne2 Nbd7 11. Bxh7 Rxh7 12. Bf4 e5 13. dxe5 Nxe5 14. O-O Re8 15. Nbc3 Qc5+ 16. Kg2 Nc4 17. Qd4 Qxd4 18. Nxd4 Bc5 19.
Nf5 b5 20. b3 Be3 21. Kg3 g5 22. Nxh6+ Rxh6 23. hxg5 Rh3+ 24. Kxh3 Bxf4 25. bxc4 Rh8+ 26. Kg2 Rh2+ 27. Kg1 Nh7 28.
Rf2 Rh4 29. Re1 Nxg5 30. Kg2 Rh2+ 31. Kf1 Rh1+ 32. Ke2 Rxe1+ 33. Kxe1 Bg3 34. Ke2 Bxf2 35. Kxf2 bxc4 36. Ne2 Ne6 37.
Ke3 c5 38. f4 Kf6 39. c3 a6 40. a3 a5 41. a4 Nf8 42. Kf3 Nd7 43. g5+ Kf5 44. Ng3+ Ke6 45. f5+ Ke5 46. f6 d4 47.
Ne4 Kf5 48. f7 Ne5+ 49. Ke2 Nxf7 50. Nxc5 dxc3 51. Kd1 Nxg5 52. Kc2 Ne4 53. Nb7 Ke5 54. Nxa5 Kd4 55. Nc6+ Kc5 56. Ne5 Kb4 57.
a5 Nc5 58. Nc6+ Kb5 59. Nd4+ 1/2-1/2

[Event "Elite Hotels Open 2024"]
[Site "Elite Stadshotellet, Kungsgatan 6, Vaxjo, Sweden"]
[Date "2024.02.11"]
[Round "7.11"]
[White "Eriksson, Kristian"]
[Black "Hector, Jonny"]
[Result "0-1"]
[TimeControl "15 minutes + 5 seconds per move from move one (Round 1 - 4) / 90 minutes + 30 seconds per move from move one (Round 5 - 8)"]
[BlackTitle "GM"]
[WhiteFideId "1705172"]
[BlackFideId "1700090"]
[WhiteElo "2035"]
[BlackElo "2449"]

1. e4 e5 2. Nf3 Nc6 3. Bb5 a6 4. Ba4 Bc5 5. O-O Nge7 6. Nxe5 Nxe5 7. d4 b5 8. Bb3 Bxd4 9. Qxd4 d6 10.
f4 c5 11. Qd1 c4 12. fxe5 Qb6+ 13. Kh1 dxe5 14. Qf3 O-O 15. Be3 Qc7 16. Nd2 Bb7 17. Qg4 Rad8 18. Bg5 Rde8 19. Nxc4 bxc4 20.
Ba4 Bc6 21. Bxc6 Qxc6 22. Rfd1 f5 23. exf5 Nxf5 24. Rf1 g6 25. c3 e4 26. Rfe1 e3 27. Qh3 Qe4 28. Kg1 e2 29. g3 Qd3 30.
Bh6 Rf7 31. Bf4 Nd4 32. cxd4 Rxf4 33. Qd7 Qe3+ 34. Kh1 Rxd4 35. Qc6 Re6 36. Qa8+ Kg7 37. Qa7+ Re7 38. Qxa6 Rd1 0-1

[Event "Elite Hotels Open 2024"]
[Site "Elite Stadshotellet, Kungsgatan 6, Vaxjo, Sweden"]
[Date "2024.02.11"]
[Round "7.12"]
[White "Neretljak, Nedzad"]
[Black "Jacobsen, Mikkel Manosri"]
[Result "0-1"]
[TimeControl "15 minutes + 5 seconds per move from move one (Round 1 - 4) / 90 minutes + 30 seconds per move from move one (Round 5 - 8)"]
[WhiteTitle "CM"]
[BlackTitle "FM"]
[WhiteFideId "1713132"]
[BlackFideId "1444514"]
[WhiteElo "2032"]
[BlackElo "2374"]

1. e4 c5 2. Nf3 Nf6 3. Nc3 d5 4. exd5 Nxd5 5. Ne4 e6 6. d4 cxd4 7. Bb5+ Bd7 8. Bxd7+ Qxd7 9. O-O Nc6 10.
Nxd4 Be7 11. Nxc6 Qxc6 12. Qg4 O-O-O 13. Qe2 h5 14. c4 Nb4 15. Nc3 Bd6 16. Rd1 h4 17. h3 Bb8 18. Be3 Qc7 19.
f4 Rxd1+ 20. Rxd1 Rd8 21. a3 Nc6 22. Nb5 Qe7 23. b4 Qf6 24. Rxd8+ Qxd8 25. c5 Qf6 26. Nd6+ Bxd6 27. cxd6 Qc3 28.
Qf2 a6 29. f5 Qa1+ 30. Kh2 Qe5+ 31. Bf4 Qxf5 32. Qxh4 Kd7 33. Bg3 e5 34. a4 Kxd6 35. b5 axb5 36. axb5 Ne7 37. Qb4+ Ke6 38.
Qc5 Qe4 39. Qb6+ Kd7 40. Qc5 f6 41. Bf2 Qd5 42. Qb4 g5 43. Bc5 Nf5 44. Bf2 Ke6 45. b6 e4 46. Qf8 Ne7 47. Bg3 e3 48.
Qa8 e2 49. Qa1 Qe4 50. Qc1 Kf7 51. Be1 Kg6 52. Qc3 Nf5 53. Qc8 Ng7 54. Qc3 Ne6 55. Qb3 Qf4+ 56. g3 Qe4 57. Kg1 Qf5 58.
Bf2 Kh6 59. Qe3 Qb1+ 60. Kh2 Qf1 61. h4 Kg6 62. g4 gxh4 63. Qe4+ Kh6 64. Bxh4 Qf4+ 65. Qxf4+ Nxf4 66. Kg1 Nd3 0-1

[Event "Elite Hotels Open 2024"]
[Site "Elite Stadshotellet, Kungsgatan 6, Vaxjo, Sweden"]
[Date "2024.02.11"]
[Round "7.13"]
[White "Kristensen, Kaare Hove"]
[Black "Mattsson, Michael"]
[Result "1-0"]
[TimeControl "15 minutes + 5 seconds per move from move one (Round 1 - 4) / 90 minutes + 30 seconds per move from move one (Round 5 - 8)"]
[WhiteTitle "IM"]
[WhiteFideId "1400940"]
[BlackFideId "1708961"]
[WhiteElo "2324"]
[BlackElo "2033"]

1. Nf3 Nf6 2. c4 e6 3. Nc3 d5 4. d4 Be7 5. Bg5 h6 6. Bxf6 Bxf6 7. e3 O-O 8. Qd2 b6 9. O-O-O Ba6 10.
cxd5 Bxf1 11. Rdxf1 exd5 12. g4 g6 13. h4 Re8 14. g5 hxg5 15. hxg5 Bxg5 16. Nxg5 Qxg5 17. f4 Qf5 18. Qh2 Kf8 19.
Qh8+ Ke7 20. Qe5+ Qxe5 21. fxe5 c6 22. Rh7 Rf8 23. Rf6 g5 24. Rg7 b5 25. Rxg5 a6 26. Rg7 Ra7 27. Kd1 Ke8 28.
Ke2 Re7 29. e4 b4 30. Na4 dxe4 31. Nc5 Rh8 32. Rh6 Rf8 33. Nxe4 Re6 34. Rxe6+ fxe6 35. Nc5 Rf7 36. Rg8+ Rf8 37.
Rxf8+ Kxf8 38. Nxe6+ Ke7 39. Nc5 a5 40. Kd3 1-0

[Event "Elite Hotels Open 2024"]
[Site "Elite Stadshotellet, Kungsgatan 6, Vaxjo, Sweden"]
[Date "2024.02.11"]
[Round "7.14"]
[White "Silseth, Simon"]
[Black "Soppela, Toni"]
[Result "1/2-1/2"]
[TimeControl "15 minutes + 5 seconds per move from move one (Round 1 - 4) / 90 minutes + 30 seconds per move from move one (Round 5 - 8)"]
[WhiteTitle "FM"]
[WhiteFideId "1702440"]
[BlackFideId "1766163"]
[WhiteElo "2228"]
[BlackElo "2029"]

1. c4 Nf6 2. Nc3 c5 3. Nf3 g6 4. g3 Bg7 5. Bg2 O-O 6. d4 cxd4 7. Nxd4 Qc7 8. Ncb5 Qxc4 9. O-O Nc6 10.
b3 Qc5 11. Ba3 Qb6 12. e3 a6 13. Nc3 Nxd4 14. exd4 d6 15. Na4 Qa5 16. Qe1 Qd8 17. Rc1 Rb8 18. Bb4 Bd7 19. Qd2 Bxa4 20.
bxa4 Qd7 21. Qc2 Rfc8 22. Qb3 Ne8 23. Rcd1 Nc7 24. Rfe1 e6 25. h4 b6 26. d5 e5 27. Rc1 a5 28.
Ba3 b5 29. Rc6 b4 30. Bb2 Bh6 31. Qc4 1/2-1/2

[Event "Elite Hotels Open 2024"]
[Site "Elite Stadshotellet, Kungsgatan 6, Vaxjo, Sweden"]
[Date "2024.02.11"]
[Round "7.15"]
[White "Sevastianov, Andrii"]
[Black "Joensson, Oscar"]
[Result "1/2-1/2"]
[TimeControl "15 minutes + 5 seconds per move from move one (Round 1 - 4) / 90 minutes + 30 seconds per move from move one (Round 5 - 8)"]
[WhiteFideId "1730240"]
[BlackFideId "1729977"]
[WhiteElo "2164"]
[BlackElo "2022"]

1. e4 c6 2. d4 d5 3. exd5 cxd5 4. Bd3 Nf6 5. h3 Nc6 6. c3 g6 7. Nf3 Bf5 8. Be2 Bg7 9. O-O O-O 10.
Bf4 Rc8 11. Nbd2 a6 12. Re1 b5 13. Ne5 Nxd4 14. cxd4 Bc2 15. Qc1 Be4 16. Qd1 Bc2 17. Qc1 Be4 18. Qd1 1/2-1/2

[Event "Elite Hotels Open 2024"]
[Site "Elite Stadshotellet, Kungsgatan 6, Vaxjo, Sweden"]
[Date "2024.02.11"]
[Round "7.16"]
[White "Mejvik, Jacob"]
[Black "Sigeman, Johan"]
[Result "0-1"]
[TimeControl "15 minutes + 5 seconds per move from move one (Round 1 - 4) / 90 minutes + 30 seconds per move from move one (Round 5 - 8)"]
[WhiteFideId "1710621"]
[BlackFideId "1705601"]
[WhiteElo "2103"]
[BlackElo "2020"]

1. e4 e5 2. Nf3 Nc6 3. Bb5 a6 4. Ba4 Nf6 5. O-O Be7 6. Re1 b5 7. Bb3 d6 8. c3 O-O 9. h3 Nb8 10.
d4 Nbd7 11. Bc2 Bb7 12. b3 exd4 13. cxd4 d5 14. e5 Ne4 15. Nfd2 f5 16. Nxe4 dxe4 17. a4 Nb6 18. Na3 Bb4 19.
Re3 Nd5 20. Rg3 f4 21. Rg4 Nc3 22. Qf1 Qxd4 23. Bxf4 Ne2+ 24. Qxe2 Qxa1+ 25. Kh2 Rxf4 26. Rxf4 Qxe5 27. g3 Bxa3 28. f3 Bc1 29. Bxe4 Bxf4 0-1

[Event "Elite Hotels Open 2024"]
[Site "Elite Stadshotellet, Kungsgatan 6, Vaxjo, Sweden"]
[Date "2024.02.11"]
[Round "8.1"]
[White "Seo, Jung Min"]
[Black "Hillarp, Tiger"]
[Result "1/2-1/2"]
[TimeControl "15 minutes + 5 seconds per move from move one (Round 1 - 4) / 90 minutes + 30 seconds per move from move one (Round 5 - 8)"]
[WhiteTitle "IM"]
[BlackTitle "GM"]
[WhiteFideId "1734687"]
[BlackFideId "1700812"]
[WhiteElo "2466"]
[BlackElo "2476"]

1. d4 Nf6 2. c4 e6 3. Nf3 d5 4.
Nc3 Bb4 5. Qa4+ Nc6 6. e3 O-O 7. Qc2 dxc4 8. Bxc4 Bd6 9. O-O e5 10. h3 a6 11. a3 h6 12. b4 exd4 13. exd4 Ne7 14.
Re1 c6 15. Bd2 Bf5 16. Qa2 Ned5 17. Nxd5 Nxd5 18. Ne5 Rc8 19. Bxd5 cxd5 20. Qxd5 Be6 21. Qe4 Bxe5 22. Qxe5 Bd5 23.
Bf4 Rc6 24. Qe7 Rg6 25. Bg3 Bc6 26. Qxd8 Rxd8 27. Rad1 Bd5 28. Kh2 Rc6 29. Rd3 f6 30. Re7 Re6 31. Rc7 Re4 32. Rc5 Re2 33.
Re3 Rxe3 34. fxe3 Bc6 35. Kg1 Kf7 36. Bf4 Ke6 37. g4 Rd5 38. Rc3 h5 39. Kf2 hxg4 40. hxg4 g5 41. Bh2 Rd7 42.
Rc5 Rd5 43. Bc7 Rd7 44. Bh2 Rd5 45. Rxd5 Bxd5 46. Bc7 Kd7 47. Bb6 Be4 1/2-1/2

[Event "Elite Hotels Open 2024"]
[Site "Elite Stadshotellet, Kungsgatan 6, Vaxjo, Sweden"]
[Date "2024.02.11"]
[Round "8.2"]
[White "Jepson, Christian"]
[Black "Sorensen, Hampus"]
[Result "1/2-1/2"]
[TimeControl "15 minutes + 5 seconds per move from move one (Round 1 - 4) / 90 minutes + 30 seconds per move from move one (Round 5 - 8)"]
[WhiteTitle "IM"]
[BlackTitle "IM"]
[WhiteFideId "1701185"]
[BlackFideId "8703884"]
[WhiteElo "2386"]
[BlackElo "2430"]

1. c4 e6 2. Nf3 d5 3. g3 Nf6 4. Bg2 Be7 5. d4 O-O 6. O-O c6 7. b3 b6 8. Bb2 a5 9. Nc3 Ba6 10.
Rc1 Nbd7 11. a4 Bb7 12. Nd2 c5 13. e3 Rb8 14. Nb5 1/2-1/2

[Event "Elite Hotels Open 2024"]
[Site "Elite Stadshotellet, Kungsgatan 6, Vaxjo, Sweden"]
[Date "2024.02.11"]
[Round "8.3"]
[White "Grahn, Vidar"]
[Black "Pantzar, Milton"]
[Result "1/2-1/2"]
[TimeControl "15 minutes + 5 seconds per move from move one (Round 1 - 4) / 90 minutes + 30 seconds per move from move one (Round 5 - 8)"]
[BlackTitle "IM"]
[WhiteFideId "1744780"]
[BlackFideId "1721003"]
[WhiteElo "2234"]
[BlackElo "2468"]

1. d4 d5 2. c4 e6 3. Nf3 Nf6 4. g3 Be7 5. Bg2 O-O 6. O-O c6 7. Nc3 a5 8. b3 b6 9. Ne5 Ba6 10. Qd3 Nfd7 11. Nxd7 Nxd7 12.
Bf4 Bf6 13. Bd6 Re8 14. f4 b5 15. cxb5 cxb5 16. b4 Nb8 17. Bxb8 Qxb8 18. a3 Rc8 19. e3 axb4 20. axb4 Be7 21.
Rfb1 Rc4 22. Nxd5 exd5 23. Bxd5 Bb7 24. Bxc4 bxc4 25. Qxc4 Qd8 26. b5 Bf8 27. Rxa8 Qxa8 28. b6 Qa5 29.
Qd3 Qa8 30. Qc3 Qa2 31. Rb2 Qd5 32. Kf2 Qh1 33. Rd2 Qxh2+ 34. Ke1 Qh1+ 35. Kf2 Bd5 36. Ke2 h5 37. Kd3 Qb1+ 38. Ke2 Qxb6 39.
Rb2 Qg6 40. Rb8 Qa6+ 41. Kf2 Qd6 42. Qc8 Be4 43. Qd8 Qa3 44. Qc7 g6 45. Qd8 Kg7 46. Qe8 Bh1 47. Qe5+ Kg8 48. Qe8 Bd5 49.
e4 Be6 50. f5 gxf5 51. d5 Qc5+ 52. Kg2 Bxd5 53. exd5 Qxd5+ 54. Kh2 Qc5 55. Qd8 f4 56. gxf4 Qf2+ 57. Kh1 Qf1+ 58. Kh2 Qxf4+ 59. Kh1 Qe4+ 60. Kh2 Qe5+ 61. Kh1 Qe4+ 62. Kh2 Qf4+ 63. Kh1 Qc1+ 64. Kh2 Qc5 65. Rc8 Qf2+ 66. Kh1 Qf3+ 67. Kh2 Qf4+ 68.
Kh1 Qf3+ 69. Kh2 1/2-1/2

[Event "Elite Hotels Open 2024"]
[Site "Elite Stadshotellet, Kungsgatan 6, Vaxjo, Sweden"]
[Date "2024.02.11"]
[Round "8.4"]
[White "Johansson, Linus"]
[Black "Ostlund, Joar"]
[Result "1-0"]
[TimeControl "15 minutes + 5 seconds per move from move one (Round 1 - 4) / 90 minutes + 30 seconds per move from move one (Round 5 - 8)"]
[WhiteTitle "IM"]
[BlackTitle "FM"]
[WhiteFideId "1711113"]
[BlackFideId "1735020"]
[WhiteElo "2434"]
[BlackElo "2327"]

1. d4 Nf6 2. c4 e6 3. Nc3 d5 4. cxd5 exd5 5. Bg5 Be7 6. e3 O-O 7. Bd3 Re8 8. h3 h6 9. Bf4 c5 10.
Nf3 Nc6 11. O-O a6 12. dxc5 Bxc5 13. Rc1 d4 14. Ne2 Ba7 15. Nexd4 Nxd4 16. Nxd4 Nd5 17. Ne2 g5 18. Bg3 Bxh3 19.
gxh3 Nxe3 20. fxe3 Rxe3 21. Bc4 Rxg3+ 22. Kh2 Re3 23. Rxf7 Kh8 24. Qxd8+ Rxd8 25. Rxb7 1-0

[Event "Elite Hotels Open 2024"]
[Site "Elite Stadshotellet, Kungsgatan 6, Vaxjo, Sweden"]
[Date "2024.02.11"]
[Round "8.5"]
[White "Lindberg, Bengt"]
[Black "Akesson, Ralf"]
[Result "1-0"]
[TimeControl "15 minutes + 5 seconds per move from move one (Round 1 - 4) / 90 minutes + 30 seconds per move from move one (Round 5 - 8)"]
[WhiteTitle "IM"]
[BlackTitle "GM"]
[WhiteFideId "1700359"]
[BlackFideId "1700120"]
[WhiteElo "2331"]
[BlackElo "2378"]

1. e4 c6 2. d4 d5 3. exd5 cxd5 4. c4 Nf6 5. Nc3 e6 6. Nf3 Bb4 7. cxd5 Nxd5 8. Bd2 O-O 9. Bd3 Nc6 10.
O-O Be7 11. a3 Nf6 12. Bg5 h6 13. Bf4 Re8 14. Re1 Bf8 15. Bc2 Bd7 16. Qd3 Ne7 17. Be5 Ng6 18. Nh4 Bc6 19. Nxg6 fxg6 20.
Qxg6 Bd6 21. Re3 Qe7 22. Rg3 1-0

[Event "Elite Hotels Open 2024"]
[Site "Elite Stadshotellet, Kungsgatan 6, Vaxjo, Sweden"]
[Date "2024.02.11"]
[Round "8.6"]
[White "Jacobsen, Mikkel Manosri"]
[Black "Muntean, Victor"]
[Result "1-0"]
[TimeControl "15 minutes + 5 seconds per move from move one (Round 1 - 4) / 90 minutes + 30 seconds per move from move one (Round 5 - 8)"]
[WhiteTitle "FM"]
[WhiteFideId "1444514"]
[BlackFideId "1054414"]
[WhiteElo "2374"]
[BlackElo "2106"]

1. c4 f5 2. g3 Nf6 3. Bg2 e6 4. Nf3 Be7 5. O-O O-O 6. Nc3 Nc6 7. d3 a6 8. a3 d6 9. b4 Ne5 10.
Nxe5 dxe5 11. Bb2 c5 12. Qb3 Qc7 13. Na4 Nd7 14. bxc5 Rb8 15. e3 Nxc5 16. Nxc5 Qxc5 17. Qb4 Qxb4 18.
axb4 Bf6 19. Ra5 Rd8 20. Rd1 e4 21. Bxf6 gxf6 22. d4 b6 23. Raa1 Bb7 24. Bf1 Rbc8 25. Kg2 Kf7 26. Be2 Ke7 27.
Kh3 Rc7 28. c5 b5 29. Bh5 Rg8 30. Rg1 Bc8 31. g4 fxg4+ 32. Rxg4 Rxg4 33. Bxg4 f5 34. Bh5 Kf6 35. Rg1 Bb7 36.
Rg8 Rc8 37. Rxc8 Bxc8 38. Be8 Bb7 39. Kg3 Ke7 40. Bh5 Bd5 41. Kf4 Bc4 42. Ke5 Kd7 43. Bf7 a5 44. bxa5 b4 45. a6 Kc7 46.
Bxe6 Bxe6 47. Kxe6 b3 48. a7 Kb7 49. c6+ Kxa7 50. c7 b2 51. c8=Q b1=Q 52. Qc7+ Ka8 53. Qc6+ Ka7 54. Kxf5 Qg1 55.
Qc7+ Ka8 56. Qg3 Qh1 57. Qg8+ Ka7 58. Qxh7+ Ka8 59. Qg8+ Ka7 60. Qg3 1-0

[Event "Elite Hotels Open 2024"]
[Site "Elite Stadshotellet, Kungsgatan 6, Vaxjo, Sweden"]
[Date "2024.02.11"]
[Round "8.7"]
[White "Hector, Jonny"]
[Black "Fransson, Patrick"]
[Result "1-0"]
[TimeControl "15 minutes + 5 seconds per move from move one (Round 1 - 4) / 90 minutes + 30 seconds per move from move one (Round 5 - 8)"]
[WhiteTitle "GM"]
[WhiteFideId "1700090"]
[BlackFideId "1709305"]
[WhiteElo "2449"]
[BlackElo "2086"]

1. e4 c6 2. Nc3 d5 3. Nf3 e6 4. d4 Nf6 5. Bd3 dxe4 6. Nxe4 Nxe4 7. Bxe4 Bd6 8. Qe2 Nd7 9. Bd2 Nf6 10.
Bd3 Nd5 11. g3 Qc7 12. c4 Nf6 13. O-O b6 14. c5 bxc5 15. dxc5 Bxc5 16. Rac1 Nd7 17. Be4 Bb7 18. Rfd1 Be7 19.
Bf4 Qc8 20. Rxd7 Qxd7 21. Ne5 Qd8 22. Nxc6 Bxc6 23. Bxc6+ Kf8 24. Bxa8 Qxa8 25. Qa6 Bd8 26. Rc8 Qd5 27. Bd6+ Ke8 28.
Qa4+ 1-0

[Event "Elite Hotels Open 2024"]
[Site "Elite Stadshotellet, Kungsgatan 6, Vaxjo, Sweden"]
[Date "2024.02.11"]
[Round "8.8"]
[White "Karlsson, Jorgen"]
[Black "Olsson, William"]
[Result "0-1"]
[TimeControl "15 minutes + 5 seconds per move from move one (Round 1 - 4) / 90 minutes + 30 seconds per move from move one (Round 5 - 8)"]
[BlackTitle "FM"]
[WhiteFideId "1711679"]
[BlackFideId "1741721"]
[WhiteElo "2056"]
[BlackElo "2373"]

1. b3 c5 2. Bb2 Nc6 3. e4 e5 4. Nf3 d6 5. Bc4 Be7 6. c3 Nf6 7. Qe2 O-O 8. h3 a6 9. O-O b5 10.
Bd3 Nh5 11. Bc2 Nf4 12. Qe3 Bg5 13. Kh2 Bh6 14. Qe1 Qf6 15. d4 Nxg2 16. Kxg2 Bxh3+ 17. Kxh3 Qxf3+ 18. Kh2 Bf4+ 19. Kg1 Qg4+ 0-1

[Event "Elite Hotels Open 2024"]
[Site "Elite Stadshotellet, Kungsgatan 6, Vaxjo, Sweden"]
[Date "2024.02.11"]
[Round "8.9"]
[White "Kistrup, Nicolai"]
[Black "Mashhadi, Peyman"]
[Result "1/2-1/2"]
[TimeControl "15 minutes + 5 seconds per move from move one (Round 1 - 4) / 90 minutes + 30 seconds per move from move one (Round 5 - 8)"]
[WhiteTitle "FM"]
[WhiteFideId "1444816"]
[BlackFideId "1768581"]
[WhiteElo "2326"]
[BlackElo "2073"]

1. d4 g6 2. e4 d6 3. c4 Nf6 4.
Nc3 Bg7 5. h3 O-O 6. Be3 Na6 7. g4 e5 8. d5 Nc5 9. f3 a5 10. Qd2 c6 11. O-O-O cxd5 12. cxd5 Bd7 13. Kb1 a4 14.
a3 Qa5 15. Qg2 Rfc8 16. Nge2 Ra6 17. Nc1 Raa8 18. N1a2 Nb3 19. Qf2 Qd8 20. Nb4 Qe7 21. Bd3 Rc7 22. Rh2 Be8 23. Rg1 Nd7 24.
h4 h6 25. Rd1 Ndc5 26. Bf1 Rb8 27. Nd3 Nxd3 28. Bxd3 Nc5 29. Bf1 Bd7 30. Nb5 Rcc8 31. Qd2 Kh7 32. h5 g5 33. Qb4 Bf8 34.
Rc2 b6 35. Na7 Rc7 36. Nb5 Rcc8 37. Nc3 b5 38. Na2 Qd8 39. Rdc1 Be7 40. Qe1 Qb6 41. Nb4 Qa5 42. Qf2 Be8 43.
Nd3 Nxd3 44. Bxd3 Rxc2 45. Rxc2 Bd8 46. Bd2 Qa6 47. Bb4 Kg8 48. Qe3 Bb6 49. Qc1 Bd8 50. Qe3 Bb6 51. Qc1 Bd8 1/2-1/2

[Event "Elite Hotels Open 2024"]
[Site "Elite Stadshotellet, Kungsgatan 6, Vaxjo, Sweden"]
[Date "2024.02.11"]
[Round "8.10"]
[White "Ljung, Harald"]
[Black "Kristensen, Kaare Hove"]
[Result "1/2-1/2"]
[TimeControl "15 minutes + 5 seconds per move from move one (Round 1 - 4) / 90 minutes + 30 seconds per move from move one (Round 5 - 8)"]
[BlackTitle "IM"]
[WhiteFideId "1738178"]
[BlackFideId "1400940"]
[WhiteElo "2098"]
[BlackElo "2324"]

1. d4 d5 2. c4 e6 3. Nf3 a6 4. cxd5 exd5 5. Nc3 c6 6. Bf4 Nf6 7. e3 Be7 8. Bd3 Nbd7 9. h3 Nf8 10.
O-O Ne6 11. Bh2 Bd6 12. Ne5 O-O 13. Rb1 Ng5 14. Bf4 Ne6 15. Bg3 Re8 16. Ne2 Nf8 17. Nf3 Ne4 18. Bxd6 Qxd6 19. Qc2 Ng6 20.
Bxe4 Rxe4 21. Ng3 Re8 22. Qc5 Qf6 23. Nh5 Qd8 24. Ng3 Nh4 25. Ne5 Qg5 26. Qc1 f6 27. Nd3 Bf5 28. Nf4 Bxb1 29.
Qxb1 Re7 30. Kh2 Rae8 31. Qd3 g6 32.
a3 Nf5 33. Nxf5 Qxf5 34. Qxf5 gxf5 35. Rc1 Kf7 36. g3 Rd7 37. Kg2 Ke7 38. Nd3 Kd6 39. Kf3 Rc7 40. Kf4 b6 41. b4 Ke6 42.
a4 Rb8 1/2-1/2

[Event "Elite Hotels Open 2024"]
[Site "Elite Stadshotellet, Kungsgatan 6, Vaxjo, Sweden"]
[Date "2024.02.11"]
[Round "8.11"]
[White "Crevatin, Leo"]
[Black "Seiger, Vidar"]
[Result "0-1"]
[TimeControl "15 minutes + 5 seconds per move from move one (Round 1 - 4) / 90 minutes + 30 seconds per move from move one (Round 5 - 8)"]
[WhiteTitle "FM"]
[WhiteFideId "1726307"]
[BlackFideId "1756079"]
[WhiteElo "2303"]
[BlackElo "1978"]

1. d4 Nf6 2. c4 g6 3. Nc3 Bg7 4. e4 O-O 5. Nf3 d6 6. Be2 Na6 7. O-O e5 8. Be3 c6 9. Re1 Qe7 10.
h3 Nh5 11. Bf1 Nc7 12. b4 exd4 13. Bxd4 Bxd4 14. Nxd4 Qf6 15. Rc1 Nf4 16. Re3 Nce6 17. Nf3 Ng5 18. Nxg5 Qxg5 19. Kh2 h5 20.
Qxd6 Rd8 21. Qc7 Rd7 22. Qa5 Qxa5 23. bxa5 Rd2 24. Rf3 Ne6 25. Kg1 Nc5 26. Re3 Be6 27. a3 Rad8 28. Nd5 Kg7 29.
h4 Bc8 30. Nb4 a6 31. f3 Be6 32. Re2 R2d4 33. Rb2 f5 34. exf5 gxf5 35. Re2 Kf6 36. g3 f4 37. gxf4 Rxf4 38.
Kf2 Rxh4 39. Kg3 Rhd4 40. Re3 h4+ 41. Kf2 h3 42. Rxe6+ Nxe6 43. Bxh3 Nc5 44. Kg3 Re8 45. Rc3 Rd2 46.
Bg4 Re1 47. Kf4 Na4 48. Rb3 Rd4+ 49. Kg3 Rxc4 50. Nd3 Re7 51. Nf4 Nc5 52. Rb1 Re3 53. Rh1 Rxa3 54. Rh6+ Ke5 55. Ne2 Rc2 56.
Rh5+ Kd6 57. Nd4 Rd2 58. Nf5+ Kd5 59. Rh8 Kc4 60. Kf4 Nd3 61. Ke3 Rb2 62. Nd6+ Kd5 63. Nc8 Ne5+ 64. Kf4 Rb4+ 65.
Kf5 Nxf3 66. Rd8+ Kc5 67. Nd6 Nh4 68. Kg5 Rg3 69. Nxb7+ Rxb7 70. Kxh4 Ra3 71. Rd1 Rb4 72. Kh5 Rxa5 73.
Bf3 Kb6+ 74. Kg6 Rc5 75. Rd8 Kc7 76. Ra8 a5 77. Bd1 Kb7 78. Re8 a4 79. Re7+ Kb6 80. Re8 Ra5 81. Rb8+ Kc5 82.
Rc8 a3 83. Bf3 Ra6 84. Rf8 a2 85. Rf5+ Kb6 0-1

[Event "Elite Hotels Open 2024"]
[Site "Elite Stadshotellet, Kungsgatan 6, Vaxjo, Sweden"]
[Date "2024.02.11"]
[Round "8.12"]
[White "Sigeman, Johan"]
[Black "Fransson, Jorgen"]
[Result "1/2-1/2"]
[TimeControl "15 minutes + 5 seconds per move from move one (Round 1 - 4) / 90 minutes + 30 seconds per move from move one (Round 5 - 8)"]
[WhiteFideId "1705601"]
[BlackFideId "1701827"]
[WhiteElo "2020"]
[BlackElo "2134"]

1. Nf3 g6 2. d4 Bg7 3. g3 c5 4. d5 b5 5. a4 b4 6. Bg2 d6 7. O-O Nf6 8. c4 bxc3 9. Nxc3 Nbd7 10.
e4 Rb8 11. Re1 Ng4 12. Qc2 Ba6 13. Nb5 Qb6 14. Bf1 O-O 15. h3 Ngf6 16. Ra2 Bc8 17. Bd2 a6 18. Na3 Qb3 19. Qxb3 Rxb3 20.
Bc3 Ne8 21. Bxg7 Kxg7 22. Nd2 Rb4 23. Nc2 Rb8 24. Nc4 Nb6 25. Na5 Bd7 26. b3 Nc7 27. Ne3 e6 28. Rd1 exd5 29. exd5 Rfd8 30.
Rad2 Rdc8 31. Rc1 Nba8 32. Nec4 Ne8 33. Re1 Kf8 34. Re3 h5 35. Kg2 Rd8 36. Kh2 Nac7 37. Bg2 Na8 38. Bf1 Nac7 39.
Bg2 Na8 40. Bf1 Nac7 41. Bg2 1/2-1/2